 Dungeon Crawl Stone Soup version 0.32-a0-42-ga30500b4d3 (webtiles) character file.

Game seed: 17712657517412345638

154 Dittersdorf the Shield-Bearer (level 5, -3/33 HPs)
             Began as a Gargoyle Fighter on Jan 29, 2024.
             Was an Initiate of Gozag.
             Killed from afar by an orc wizard (7 damage)
             ... with a magic dart
             ... on level 3 of the Dungeon.
             The game lasted 00:02:19 (2625 turns).

Dittersdorf the Shield-Bearer (Gargoyle Fighter)    Turns: 2625, Time: 00:02:20

Health: -3/33      AC: 13    Str: 21    XL:     5   Next: 36%
Magic:  5/5        EV:  9    Int:  9    God:    Gozag
Gold:   136        SH:  4    Dex:  9    Spells: 4/4 levels left

rFire   + . .        a - +0 flail
rCold   . . .        c - +0 buckler
rNeg    + . .        b - +0 scale mail
rPois   ∞            (no helmet)
rElec   +            (no cloak)
rCorr   .            o - +1 pair of gloves
SInv    .            (no boots)
Will    .....        x - amulet of regeneration Stlth
                     q - ring of protection from fire
HPRegen 1.05/turn    (no ring)
MPRegen 0.09/turn

%: no passive effects
@: no status effects
A: sickness immunity, AC +4, negative energy resistance 1, electricity
resistance, torment resistance 1, petrification resistance
a: Renounce Religion, Potion Petition, Call Merchant, Bribe Branch


You were on level 3 of the Dungeon.
You worshipped Gozag.
Gozag was aware of your devotion.
You visited 1 branch of the dungeon, and saw 3 of its levels.

You collected 185 gold pieces.
You paid 49 gold pieces to Gozag.

Inventory:

Hand Weapons
 a - a +0 flail (weapon)
Armour
 b - a +0 scale mail (worn)
 c - a +0 buckler (worn)
 o - a +1 pair of gloves (worn)
 v - a +0 plate armour
Magical Staves
 e - a staff of earth
Jewellery
 p - a ring of ice
 q - a ring of protection from fire (left hand)
 x - an amulet of regeneration (around neck)
Wands
 j - a wand of iceblast (4) (quivered)
Scrolls
 f - 2 scrolls of identify {unknown}
 g - a scroll of poison {unknown}
 h - a scroll of fog {unknown}
 i - a scroll of brand weapon {unknown}
 k - a scroll of enchant armour {unknown}
 l - a scroll of enchant weapon {unknown}
 m - a scroll of immolation {unknown}
 t - a scroll of teleportation {unknown}
Potions
 d - a potion of might
 n - a potion of degeneration {unknown}
 r - 2 potions of curing {unknown}
 s - 2 potions of brilliance {unknown}
 u - a potion of resistance {unknown}


   Skills:
 + Level 4.2 Fighting
 + Level 3.2 Maces & Flails
 + Level 4.2 Armour
 + Level 4.3 Shields


You had 4 spell levels left.
You didn't know any spells.
Your spell library contained the following spells:

 Spells                   Type           Power      Damage    Failure   Level
 Petrify                  Alch/Erth      0%         N/A       100%        4
 Irradiate                Conj/Alch      0%         3d11      100%        5
 Sublimation of Blood     Necr           Unusable   N/A       N/A         2

Dungeon Overview and Level Annotations

Branches:
Dungeon (3/15)

Altars:
Gozag
Okawaru


Innate Abilities, Weirdness & Mutations

You are immune to sickness and miasma.
Your stone body is resilient. (AC +4)
You are immune to poison.
You resist negative energy. (rN+)
You are resistant to electric shocks. (rElec)
You are resistant to unholy torment.
You are immune to petrification.


Message History

Beogh smites you!
You hear some strange, mumbled words.
Something tries to affect you, but you resist.
You barely miss something.
You hear some strange, mumbled words.
A magic dart appears from out of thin air!
The magic dart hits you!
You are too injured to fight recklessly!
You are too injured to fight recklessly!
You are too injured to fight recklessly!
You are too injured to fight recklessly!
You are too injured to fight recklessly!
You are too injured to fight recklessly!
You are too injured to fight recklessly!
You are too injured to fight recklessly!
You are too injured to fight recklessly!
You are too injured to fight recklessly!
You are too injured to fight recklessly!
You are too injured to fight recklessly!
You closely miss something. Something hits you but does no damage.
You closely miss something.
Something hits you but does no damage. x2
You closely miss something.
The orc priest mumbles some strange prayers to Beogh against you.
Beogh smites you!
* * * LOW HITPOINT WARNING * * *
Something hits you but does no damage.
You hit something but do no damage. Something hits you.
* * * LOW HITPOINT WARNING * * *
You miss something. Something hits you.
* * * LOW HITPOINT WARNING * * *
You hit something. Something hits you but does no damage.
You barely miss something.
You hear some strange, mumbled words.
A puff of flame appears from out of thin air!
The puff of flame hits you but does no damage.
You hear some strange, mumbled words.
A magic dart appears from out of thin air!
The magic dart hits you!
You die...
Your body crumbles into a pile of gold.

....# ##.#.......#.#.## #.##
#.### #.######....##.# #.# #.#
#.# ##.###.## #.# #.# ##+##
#..#.## #.# #.# ##...## #.#.##
##.## #.# ##.....## #.### #...#
#.# ##.......## #.#.## #...#
..###.........###....########..).
....'........oo{@................
..###.........###....##########..
#.# ##.......## #.#.......#......
#.# ##.....## #.#.#####.#.###.#
#.# ##...## #.....# #.#.# #.# #.#
##+## ###.#.# #.#.# #.# #.#
#.#########.#.# #.#.# #.# ..#
#.#.........#.###.#.# #.# ###
##.#.######........#.###.#


You could see an orc priest and an orc.

Vanquished Creatures
  A sleepcap (D:3)
  2 orc wizards (D:3)
  3 adders
  4 dart slugs
  3 orcs
  4 endoplasms
  5 goblins
  4 hobgoblins
  3 quokkas
  3 ball pythons
  5 bats
  A frilled lizard (D:1)
  3 kobolds
  A rat (D:1)
42 creatures vanquished.

Notes
Turn   | Place    | Note
-------+----------+-------------------------------------------
     0 | D:1      | Dittersdorf the Gargoyle Fighter began the quest for the
                  | Orb.
     0 | D:1      | Reached XP level 1. HP: 14/14 MP: 1/1
   118 | D:1      | Reached XP level 2. HP: 19/19 MP: 2/2
   554 | D:1      | Reached XP level 3. HP: 23/23 MP: 3/3
  1607 | D:3      | Reached XP level 4. HP: 22/29 MP: 4/4
  2242 | D:3      | Reached XP level 5. HP: 33/33 MP: 5/5
  2262 | D:3      | Found an opulent altar of Gozag.
  2270 | D:3      | Became a worshipper of Gozag Ym Sagoz the Greedy
  2367 | D:3      | Found an iron altar of Okawaru.
  2622 | D:3      | HP: 1/33 [something (4)]
  2625 | D:3      | Killed from afar by an orc wizard

Illustrated notes

Levels and vault maps discovered:
D:1:      dpeg_arrival_chambers_temple_mockup, layout_basic
D:2:      layout_basic
D:3:      layout_loops_corners, mainiacjoe_overflow_brackets,
          nicolae_gozag_cash_rules_everything_around_me

Skill      XL: |  1  2  3  4 |
---------------+-------------+-----
Shields        | 4 |  4.3
Fighting       | 4 |  4.2
Armour         | 4 |  4.2
Maces & Flails | 3 |  3.2

Action                     |  1- 3 |  4- 6 || total
---------------------------+-------+-------++-------
  Melee: Flail             |   128 |    78 ||   206
 Armour: Scale mail        |   106 |    72 ||   178
  Dodge: Dodged            |    73 |    32 ||   105
  Block: Buckler           |    38 |    16 ||    54

Table legend: (Time is in decaauts)
 A = Elapsed time spent in this place.
 B = Non-inter-level travel time spent in this place.
 C = Inter-level travel time spent in this place.
 D = Time resting spent in this place.
 E = Time spent auto-exploring this place.
 F = Levels seen in this place.
 G = Mean time per level.
                   A        B        C        D        E       F      G
               +--------+--------+--------+--------+--------+-----+--------+
         Total |   2685 |   2580 |    105 |     79 |   2004 |   3 |  895.0 |
       Dungeon |   2685 |   2580 |    105 |     79 |   2004 |   3 |  895.0 |
               +--------+--------+--------+--------+--------+-----+--------+

Top non-repeatable levels by time:
     D:3: 993 daAuts
     D:1: 891 daAuts
     D:2: 800 daAuts
